 Dungeon Crawl Stone Soup version 0.29-a0-22-gbf593b16ee (webtiles) character file.

Game seed: 8092067318302430427

6741 HallandMoats the Grappler (level 11, -12/89 HPs)
             Began as a Ghoul Monk on Jan 29, 2022.
             Was a High Priest of Hepliaklqana.
             Mangled by a tengu warrior (13 damage)
             ... on level 9 of the Dungeon.
             The game lasted 00:13:08 (11643 turns).

HallandMoats the Grappler (Ghoul Monk)             Turns: 11643, Time: 00:13:09

Health: -12/89     AC: 23    Str: 20      XL:     11   Next: 4%
Magic:  0/12       EV: 11    Int: 13 (14) God:    Hepliaklqana [*****.]
Gold:   563        SH:  0    Dex: 11      Spells: 10/10 levels left

rFire   x . .      SeeInvis +   B - +4 quarterstaff "Jiekkecw" {spect, rF- Int+5}
rCold   + . .      Faith    .   (shield currently unavailable)
rNeg    + + +      Spirit   +   z - +10 plate armour of Poneerph {rElec Int+4}
rPois   ∞          Reflect  .   D - +0 helmet
rElec   +          Harm     .   (no cloak)
rCorr   .          Rampage  .   (no gloves)
Will    .....                   (no boots)
Stlth   ..........              A - amulet of guardian spirit
HPRegen 0.00/turn               e - +4 ring of evasion
MPRegen 0.13/turn               r - ring of see invisible

@: inhibited regen, hasted, studying Stealth, very quick
A: reduced essence, claws 1, cold resistance 1, negative energy resistance 3,
inhibited regeneration, torment resistance 2
a: Renounce Religion, Recall Ancestor, Ancestor Identity, Transference, Idealise


You were on level 9 of the Dungeon.
You worshipped Hepliaklqana.
Hepliaklqana was extremely pleased with you.
You visited 1 branch of the dungeon, and saw 9 of its levels.

You collected 563 gold pieces.

Inventory:

Hand Weapons
 y - the +7 glaive of Soft Innocence {vorpal, rF+++ Dex-2 SInv}
   (You found it on level 8 of the Dungeon)

   It inflicts extra damage upon your enemies.
   Dex:       It affects your dexterity (-2).
   rF:        It renders you almost immune to fire.
   SInv:      It lets you see invisible.
 B - the +4 quarterstaff "Jiekkecw" (weapon) {spect, rF- Int+5}
   (You found it on level 8 of the Dungeon)

   When its wielder attacks, the weapon's spirit leaps out and strikes again.
   The spirit shares a part of any damage it takes with its wielder.
   Int:       It affects your intelligence (+5).
   rF:        It makes you vulnerable to fire.
Armour
 a - a +0 buckler
 z - the +10 plate armour of Poneerph (worn) {rElec Int+4}
   (You found it on level 8 of the Dungeon)

   Int:       It affects your intelligence (+4).
   rElec:     It insulates you from electricity.
 D - a +0 helmet (worn)
Jewellery
 e - a +4 ring of evasion (left claw)
 j - a ring of ice
 r - a ring of see invisible (right claw)
 A - an amulet of guardian spirit (around neck)
Wands
 f - a wand of digging (5)
 k - a wand of flame (37)
 s - a wand of polymorph (16)
Scrolls
 b - a scroll of immolation
 c - a scroll of silence
 d - a scroll of teleportation
 h - 5 scrolls of fear
 m - a scroll of enchant armour
 o - a scroll of fog
 q - 5 scrolls of amnesia {unknown}
 t - a scroll of magic mapping
 E - a scroll of torment
Potions
 n - a potion of degeneration {unknown}
 p - a potion of ambrosia {unknown}
 u - 2 potions of might {unknown}
 v - 2 potions of berserk rage {unknown}
 w - 3 potions of lignification {unknown}
 x - a potion of curing
 C - a potion of heal wounds {unknown}
 F - a potion of brilliance


   Skills:
 * Level 9.8 Fighting
 + Level 5.1 Armour
 + Level 5.9 Dodging
 - Level 2.1 Stealth
 - Level 6.6 Shields
 * Level 9.8 Unarmed Combat
 * Level 3.7 Invocations


You had 10 spell levels left.
You didn't know any spells.
Your spell library contained the following spells:

 Spells                   Type           Power      Damage    Failure   Level
 Leda's Liquefaction      Hex/Erth       0%         N/A       100%        4
 Lee's Rapid Deconstruct  Erth           0%         3d5*      100%        5
 Statue Form              Tmut/Erth      Unusable   N/A       N/A         6

Dungeon Overview and Level Annotations

Branches:
Dungeon (9/15)             Temple (0/1) D:5             Orc (0/2) D:9
   Lair: D:8-11

Altars:
Elyvilon
Hepliaklqana
Kikubaaqudgha
Makhleb
Okawaru
Qazlal
Vehumet
Wu Jian
Xom
Yredelemnul
Zin

Shops:
D:4 =


Innate Abilities, Weirdness & Mutations

Your life essence is reduced to manifest your ancestor. (-10% HP)
You thrive by killing the living.
You are immune to poison.
You have sharp fingernails.
Your flesh is cold resistant. (rC+)
You are immune to negative energy. (rN+++)
You do not regenerate when monsters are visible.
You are immune to unholy pain and torment.


Message History

The brown ugly thing is lightly wounded.
The bullfrog hits you but does no damage.
The tengu warrior closely misses you. The brown ugly thing stings you.
You are splashed with acid!
* * * LOW HITPOINT WARNING * * *
The bullfrog hits you but does no damage.
You hit the brown ugly thing.
The brown ugly thing is moderately wounded.
The tengu warrior completely misses you.
The tengu warrior closely misses you.
The tengu warrior claws you but does no damage.
The tengu warrior hits you from afar with a +0 bardiche.
* * * LOW HITPOINT WARNING * * *
The brown ugly thing stings you but does no damage.
The bullfrog hits you but does no damage.
Unknown command.
You sock the brown ugly thing!
The brown ugly thing is moderately wounded.
The bullfrog hits you but does no damage.
The tengu warrior hits you with a +0 great sword!
* * * LOW HITPOINT WARNING * * *
The tengu warrior closely misses you.
The tengu warrior claws you but does no damage.
The tengu warrior hits you but does no damage.
The brown ugly thing closely misses you.
Unknown command.
You closely miss the brown ugly thing.
The brown ugly thing is moderately wounded.
The bullfrog hits you but does no damage.
The tengu warrior closely misses you. The tengu warrior misses you.
The tengu warrior claws you but does no damage.
The tengu warrior hits you from afar with a +0 bardiche!
* * * LOW HITPOINT WARNING * * *
The brown ugly thing stings you but does no damage.
The bullfrog hits you but does no damage.
You hit the brown ugly thing.
The brown ugly thing is moderately wounded.
The bullfrog hits you but does no damage.
The tengu warrior hits you with a +0 great sword!
You die...

............#
...........##
..<######..#
...'....#.##
######
...#<...#.#
##.≈≈.##
...#....#.#
##≈....≈##
...#....#.#
#$Q#>⌠#..#
...#....#.#
#QF#T.#..#
...#....#.#
#@≈oZ..≈##
...#....#.#
#Su##T≈≈.##
...#....#.##
##c ######
...#....#..#
##
...######..#
...........#
######.....#
# #.....### #
#.......##


You could see a brown ugly thing, 2 tengu warriors, 2 trolls, an orc warrior, a
water moccasin, a bullfrog, a centaur and a centaur zombie.

Vanquished Creatures
  An ice statue (D:9)
  Maggie (D:8)
  A hornet (D:9)
  A vampire (D:8)
  2 yaks (D:9)
  An acid dragon (D:8)
  A water moccasin (D:7)
  2 orc warriors (D:8)
  A hornet zombie (D:8)
  An ice beast (D:7)
  A sky beast (D:5)
  A black bear (D:6)
  2 necrophages
  3 centaurs
  A phantom (D:4)
  3 bullfrogs
  A wyvern zombie (D:8)
  2 scorpions
  A water moccasin skeleton (D:5)
  Dowan (D:6)
  2 howler monkeys
  A wight (D:8)
  2 crimson imps (D:7)
  5 centaur zombies
  A hound (D:3)
  2 jellies
  4 orc priests
  A human zombie (D:8)
  6 orc wizards
  An iguana (D:5)
  2 mummies (D:8)
  A howler monkey zombie (D:6)
  5 adders
  A shadow imp (D:4)
  2 white imps (D:5)
  An adder skeleton (D:2)
  3 dart slugs
  15 orcs
  4 endoplasms
  3 giant cockroaches
  6 goblins
  2 hobgoblins
  4 jackals
  4 quokkas
  4 ball pythons
  6 bats
  2 frilled lizards (D:2)
  4 kobolds
  4 rats
  A spectral hobgoblin (D:1)
127 creatures vanquished.

Vanquished Creatures (collateral kills)
  A centaur warrior (D:8)
  An obsidian statue (D:9)
  A cyclops (D:8)
  A wraith (D:9)
  A yak (D:9)
  Duvessa (D:6)
  2 sky beasts
  An ogre (D:5)
  3 scorpions (D:5)
  A wight (D:8)
  A centaur zombie (D:9)
  2 crimson imps (D:7)
  A bullfrog zombie (D:6)
  A hound (D:5)
  A bullfrog skeleton (D:6)
  2 centaur skeletons
  Terence (D:2)
  4 iguanas
  2 orc wizards
  A gnoll (D:5)
  An adder (D:5)
  A shadow imp (D:5)
  2 white imps
  An ufetubus (D:5)
  A worm (D:5)
  A dart slug (D:5)
  2 orcs
  3 giant cockroaches
  A hobgoblin (D:4)
  2 jackals (D:5)
  3 kobolds
  A ball python (D:1)
  A rat (D:1)
  A bush (D:4)
50 creatures vanquished.

Vanquished Creatures (others)
  An orc wizard (D:7)
  A knight (D:8)
2 creatures vanquished.

Grand Total: 179 creatures vanquished

Notes
Turn   | Place    | Note
-------+----------+-------------------------------------------
     0 | D:1      | HallandMoats the Ghoul Monk began the quest for the Orb.
     0 | D:1      | Reached XP level 1. HP: 19/19 MP: 0/0
   211 | D:1      | Found a faded altar of an unknown god.
   220 | D:1      | Prayed at the altar of an unknown god.
   220 | D:1      | Became a worshipper of Hepliaklqana the Forgotten
   220 | D:1      | Reached * piety under Hepliaklqana
   220 | D:1      | Reached ** piety under Hepliaklqana
   221 | D:1      | Remembered your ancestor Betty White as a knight
   338 | D:1      | Reached XP level 2. HP: 17/23 MP: 1/1
   628 | D:1      | Reached *** piety under Hepliaklqana
  1316 | D:1      | Reached XP level 3. HP: 25/29 MP: 2/2
  1804 | D:2      | Reached skill level 1 in Armour
  1973 | D:2      | Noticed Terence
  1979 | D:2      | Killed Terence
  1980 | D:2      | Reached XP level 4. HP: 36/36 MP: 3/3
  2133 | D:2      | Reached **** piety under Hepliaklqana
  2415 | D:3      | Reached skill level 1 in Shields
  2672 | D:3      | Reached XP level 5. HP: 41/41 MP: 4/4
  3589 | D:4      | Reached XP level 6. HP: 43/47 MP: 5/5
  3713 | D:4      | Found Animante's Jewellery Boutique.
  4206 | D:4      | Noticed a sky beast
  4218 | D:4      | Killed a sky beast
  4219 | D:4      | Reached skill level 5 in Fighting
  4219 | D:4      | Reached skill level 5 in Unarmed Combat
  4372 | D:5      | Entered Level 5 of the Dungeon
  4376 | D:5      | Noticed a necrophage
  4381 | D:5      | Killed a necrophage
  4382 | D:5      | Reached XP level 7. HP: 54/54 MP: 6/6
  4534 | D:5      | Found a staircase to the Ecumenical Temple.
  4727 | D:5      | Reached ***** piety under Hepliaklqana
  4778 | D:5      | Found an ancient bone altar of Kikubaaqudgha.
  4788 | D:5      | Reached XP level 8. HP: 59/63 MP: 7/7
  5098 | D:5      | Found an iron altar of Okawaru.
  5817 | D:6      | Found a stormy altar of Qazlal.
  5819 | D:6      | Noticed a water elemental
  5819 | D:6      | Noticed an air elemental
  6491 | D:6      | Found a burning altar of Makhleb.
  6514 | D:6      | Noticed Dowan
  6516 | D:6      | Noticed Duvessa
  6525 | D:6      | Killed Duvessa
  6532 | D:6      | Killed Dowan
  6533 | D:6      | Reached XP level 9. HP: 31/71 MP: 8/8
  7415 | D:7      | Reached skill level 5 in Shields
  7667 | D:7      | Found a hazy altar of Hepliaklqana.
  7848 | D:7      | Found an ornate altar of the Wu Jian Council.
  7947 | D:7      | Found a shimmering altar of Xom.
  8439 | D:8      | Noticed a cyclops
  8447 | D:8      | Killed a cyclops
  8448 | D:8      | Reached skill level 5 in Dodging
  8463 | D:8      | Identified the +7 glaive of Soft Innocence {vorpal, rF+++
                  | Dex-2 SInv}
  9068 | D:8      | Noticed a centaur warrior
  9075 | D:8      | Killed a centaur warrior
  9076 | D:8      | Reached XP level 10. HP: 14/81 MP: 9/9
  9078 | D:8      | Identified the +10 plate armour of Poneerph {rElec Int+4}
  9518 | D:8      | Noticed Maggie
  9527 | D:8      | Killed Maggie
  9611 | D:8      | Found a radiant altar of Vehumet.
  9671 | D:8      | Identified the +4 quarterstaff "Jiekkecw" {spect, rF-
                  | Int+5}
  9955 | D:8      | Reached skill level 1 in Invocations
 10074 | D:8      | Found a basalt altar of Yredelemnul.
 10674 | D:9      | Noticed an obsidian statue
 10679 | D:9      | Noticed a rust devil
 10721 | D:9      | Reached ****** piety under Hepliaklqana
 10752 | D:9      | Killed an obsidian statue
 10753 | D:9      | Reached skill level 5 in Armour
 10797 | D:9      | Noticed an ice statue
 10807 | D:9      | Killed an ice statue
 10808 | D:9      | Reached XP level 11. HP: 24/89 MP: 4/12
 11144 | D:9      | Found a staircase to the Orcish Mines.
 11631 | D:9      | Noticed a tengu warrior
 11631 | D:9      | Noticed a tengu warrior
 11633 | D:9      | Noticed a brown ugly thing
 11642 | D:9      | HP: 1/89 [tengu warrior (13)]
 11643 | D:9      | Mangled by a tengu warrior

Illustrated notes

Levels and vault maps discovered:
D:1:      dpeg_arrival_subterranean_lakeside_camping, layout_loops_corners,
          dreamdust_ecumenical_altar_drowned_temple
D:2:      layout_basic, uniq_terence
D:3:      layout_loops_ring, zin_scriptorium
D:4:      layout_loops_corners, mainiacjoe_overflow_alcove_4, serial_shops,
          shop, serial_glass, glass_columns_c, glass_columns_c
D:5:      layout_loops_corners, mainiacjoe_overflow_brackets,
          kiku_gazebo_pond_becter, minmay_temple_entry_stoned_glass,
          st_stairs_4, minmay_manual_moon
D:6:      layout_layer_cave, nicolae_qazlal_style_of_elements,
          mainiacjoe_overflow_small_starburst, uniq_duvessa
D:7:      layout_rooms, nzn_hepliaklqana_mist_gate, amcnicky_altar_gilded,
          led_xom_imps, minmay_misc_feat_pillars
D:8:      minmay_blocky_corners, layout_rooms, vehumet_altar_wand_db,
          lemuel_mausoleum_altar_yredelemnul, uniq_maggie
D:9:      minmay_separated_statues, layout_irregular_city, orc_0_dummy,
          chequers_serial_rivers_micro_d, minmay_door_square, nzn_random_ring

Skill      XL: |  1  2  3  4  5  6  7  8  9 10 |
---------------+-------------------------------+-----
Armour         | 1 2 3 4 5 |  5.1
Fighting       | 4 5 7 8 9 |  9.8
Unarmed Combat | 4 5 7 8 9 |  9.8
Dodging        | 3 4 5 |  5.9
Shields        | 1 2 3 4 6 |  6.6
Invocations    | 3 |  3.7
Stealth        | |  2.1

Action                   |  1- 3 |  4- 6 |  7- 9 | 10-12 || total
-------------------------+-------+-------+-------+-------++-------
Melee: Unarmed           |   102 |   155 |   230 |       ||   487
       Punch             |     1 |       |       |       ||     1
       Glaive            |       |       |     6 |    31 ||    37
       Quarterstaff      |       |       |       |    82 ||    82
Invok: Ancestor Life: Kn |     1 |       |       |       ||     1
       Ancestor Identity |     1 |       |       |       ||     1
Evoke: Wand              |       |       |       |     1 ||     1
  Use: Scroll            |       |       |       |     9 ||     9
       Potion            |       |       |       |     1 ||     1
 Stab: Sleeping          |     2 |     4 |     1 |       ||     7
       Distracted        |       |       |     2 |     1 ||     3
Armor: Robe              |    14 |       |       |       ||    14
       Ring mail         |     5 |    46 |    48 |       ||    99
       Plate armour      |       |       |       |   104 ||   104
Dodge: Dodged            |    77 |    64 |   151 |    96 ||   388
Block: Buckler           |     2 |    15 |    58 |       ||    75

Table legend: (Time is in decaauts)
 A = Elapsed time spent in this place.
 B = Non-inter-level travel time spent in this place.
 C = Inter-level travel time spent in this place.
 D = Time resting spent in this place.
 E = Time spent auto-exploring this place.
 F = Levels seen in this place.
 G = Mean time per level.
                   A        B        C        D        E       F      G
               +--------+--------+--------+--------+--------+-----+--------+
         Total |  11667 |  11406 |    261 |   1008 |   8792 |   9 | 1296.3 |
       Dungeon |  11667 |  11406 |    261 |   1008 |   8792 |   9 | 1296.3 |
               +--------+--------+--------+--------+--------+-----+--------+

Top non-repeatable levels by time:
     D:8: 1844 daAuts
     D:6: 1593 daAuts
     D:9: 1536 daAuts
     D:5: 1412 daAuts
     D:1: 1404 daAuts
     D:4: 1306 daAuts
     D:2: 924 daAuts
     D:7: 913 daAuts
     D:3: 732 daAuts
